 Dungeon Crawl Stone Soup version 0.26-a0-812-g31a745ddcd (webtiles) character file.

Game seed: 18156510856066269744

516 Argons the Ruffian (level 7, -16/50 HPs)
             Began as a Demonspawn Artificer on Nov 22, 2020.
             Was an Initiate of Nemelex Xobeh.
             Killed from afar by a dream sheep (31 damage)
             ... with an exploding inner flame
             ... on level 5 of the Dungeon.
             The game lasted 00:25:40 (6250 turns).

Argons the Ruffian (Demonspawn Artificer)           Turns: 6250, Time: 00:25:41

Health: -16/50     AC:  5    Str: 15    XL:     7   Next: 0%
Magic:  7/7        EV: 11    Int: 12    God:    Nemelex Xobeh [......]
Gold:   196        SH:  0    Dex: 13    Spells: 6/6 levels left

rFire    . . .     SeeInvis .     - Unarmed
rCold    . . .     Faith    .   (no shield)
rNeg     . . .     Spirit   .   b - +0 leather armour
rPois    .         Reflect  .   (helmet restricted)
rElec    .         Harm     .   f - +1 cloak
rCorr    .         Rampage  .   (no gloves)
MR       .....                  (boots unavailable)
Stlth    +.........             (no amulet)
HPRegen  0.16/turn              (no ring)
MPRegen  0.10/turn              (no ring)

@: no status effects
A: antennae 1, claws 1, hooves 3
a: Draw Escape, Draw Destruction, Draw Summoning, Renounce Religion


You were on level 5 of the Dungeon.
You worshipped Nemelex Xobeh.
Nemelex Xobeh was noncommittal.
You visited 2 branches of the dungeon, and saw 6 of its levels.

You collected 196 gold pieces.

Inventory:

Missiles
 a - 15 stones
 g - 8 poisoned darts
 r - 5 atropa-tipped darts
 s - a throwing net (quivered)
Armour
 b - a +0 leather armour (worn)
 f - a +1 cloak (worn)
Jewellery
 i - an uncursed amulet of the acrobat {unknown}
Wands
 c - a wand of flame (15)
 d - a wand of enslavement (15)
 e - a wand of random effects (15)
Scrolls
 j - a scroll of remove curse
 k - 2 scrolls of fear
 q - a scroll of magic mapping
Potions
 h - a potion of degeneration {unknown}
 l - a potion of mutation
 m - 2 potions of curing
 n - a potion of brilliance {unknown}
 o - a potion of ambrosia
 p - a potion of lignification


   Skills:
 - Level 2.2 Fighting
   Level 1.5 Maces & Flails
 - Level 1.7 Armour
 - Level 0.8 Dodging
 - Level 0.8 Stealth
 + Level 6.0 Unarmed Combat
 - Level 3.0 Evocations


You had 6 spell levels left.
You didn't know any spells.
Your spell library was empty.

Dungeon Overview and Level Annotations

Branches:
Dungeon (5/15)             Temple (1/1) D:4

Altars:
Ashenzari
Cheibriados
Dithmenos
Elyvilon
Fedhas
Gozag
Kikubaaqudgha
Makhleb
Nemelex Xobeh
Qazlal
Ru
Uskayaw
Vehumet
Wu Jian
Xom
Yredelemnul
Zin
The Shining One


Innate Abilities, Weirdness & Mutations

You have a pair of small antennae on your head.
You have sharp fingernails.
You have hooves in place of feet.


Message History

The dream sheep burns! x5
The dream sheep explodes!
The fiery explosion engulfs the dream sheep!!
The dream sheep explodes!
The fiery explosion engulfs you!!
Ouch! That really hurt!
* * * LOW HITPOINT WARNING * * *
The fiery explosion engulfs the dream sheep!!!
The dream sheep explodes!
The fiery explosion engulfs the dream sheep.
Flame seeps out of the dream sheep.
The dream sheep's attack snaps the dream sheep out of its fear.
The fiery explosion engulfs the dream sheep!!!
The dream sheep explodes!
The fiery explosion engulfs the dream sheep!!!
The dream sheep explodes!
The fiery explosion engulfs you!!
Ouch! That really hurt!
You die...
Your body disappears without a glow.

##.....##+#####+##..##
..####...........#...#
..#..#...............#
.....+...............#
.....#...............#
########.........§§..#
#......._§§§§.##
#........§§§§..#
##........@§§§#.#
...........§§§.#.#
...........§§..#.#
.....#########.# .....
.# .... ## ####


There were no monsters in sight!

Vanquished Creatures
  A phantom (D:5)
  A centaur (D:5)
  A scorpion (D:4)
  A howler monkey (D:4)
  2 orc wizards (D:4)
  A hound skeleton (D:4)
  7 gnolls (D:3)
  4 adders
  4 worms
  3 dart slugs
  A leopard gecko (D:4)
  4 orcs
  4 bats
  4 giant cockroaches
  10 hobgoblins
  5 jackals
  A quokka (D:3)
  6 frilled lizards
  10 goblins
  4 kobolds
  4 rats
78 creatures vanquished.

Vanquished Creatures (others)
  2 dream sheep (D:5)
2 creatures vanquished.

Grand Total: 80 creatures vanquished

Notes
Turn   | Place    | Note
-------+----------+-------------------------------------------
     0 | D:1      | Argons the Demonspawn Artificer began the quest for the
                  | Orb.
     0 | D:1      | Reached XP level 1. HP: 15/15 MP: 1/1
   317 | D:1      | Reached skill level 1 in Maces & Flails
   401 | D:1      | Gained mutation: You have large cloven feet. [demonic
                  | ancestry]
   401 | D:1      | Reached XP level 2. HP: 21/21 MP: 2/2
  1323 | D:2      | Gained mutation: You have sharp fingernails. [demonic
                  | ancestry]
  1323 | D:2      | Reached XP level 3. HP: 25/27 MP: 3/3
  1590 | D:2      | Reached skill level 1 in Unarmed Combat
  2598 | D:2      | Reached skill level 2 in Unarmed Combat
  2598 | D:2      | Gained mutation: You have a pair of small antennae on your
                  | head. [demonic ancestry]
  2598 | D:2      | Reached XP level 4. HP: 33/33 MP: 4/4
  2637 | D:2      | Found a burning altar of Makhleb.
  2940 | D:3      | Found an ancient bone altar of Kikubaaqudgha.
  3282 | D:3      | Found an opulent altar of Gozag.
  3719 | D:3      | Reached skill level 3 in Unarmed Combat
  3827 | D:3      | Gained mutation: You have hoof-like feet. [demonic
                  | ancestry]
  3827 | D:3      | Reached XP level 5. HP: 22/38 MP: 5/5
  4379 | D:4      | Reached skill level 4 in Unarmed Combat
  4634 | D:4      | Reached XP level 6. HP: 26/44 MP: 6/6
  4926 | D:4      | Found a staircase to the Ecumenical Temple.
  4933 | Temple   | Entered the Ecumenical Temple
  4948 | Temple   | Became a worshipper of Nemelex Xobeh the Trickster
  5267 | D:5      | Entered Level 5 of the Dungeon
  5476 | D:4      | Reached skill level 5 in Unarmed Combat
  6079 | D:5      | Reached skill level 6 in Unarmed Combat
  6079 | D:5      | Gained mutation: You have hooves in place of feet. [demonic
                  | ancestry]
  6079 | D:5      | Reached XP level 7. HP: 30/50 MP: 7/7
  6246 | D:5      | Noticed a dream sheep
  6246 | D:5      | Noticed a dream sheep
  6246 | D:5      | Noticed a dream sheep
  6246 | D:5      | Noticed a dream sheep
  6246 | D:5      | Noticed a dream sheep
  6246 | D:5      | Found a shimmering altar of Xom.
  6250 | D:5      | Killed a dream sheep
  6250 | D:5      | Killed a dream sheep
  6250 | D:5      | Killed a dream sheep
  6250 | D:5      | Killed a dream sheep
  6250 | D:5      | Killed a dream sheep
  6250 | D:5      | Killed from afar by a dream sheep

Illustrated notes

Levels and vault maps discovered:
D:1:      roderic_octagonal_star, layout_basic
D:2:      layout_basic, marbit_many_paths, minivault_14
D:3:      layout_loops_ring, kiku_gazebo_pond_becter, nicolae_gozag_seed_capital
D:4:      layout_loops_ring, minmay_temple_entry_arrows
D:5:      layout_gridville, kb_xom_exploding_sheep
Temple:   kb_temple_of_zot

Skill      XL: |  1  2  3  4  5  6 |
---------------+-------------------+-----
Maces & Flails | 1 |  1.5
Fighting       | 2 |  2.2
Unarmed Combat | 2 3 4 6 |  6.0
Armour         | |  1.7
Dodging        | |  0.8
Stealth        | |  0.8
Evocations     | |  3.0

Action                   |  1- 3 |  4- 6 |  7- 9 || total
-------------------------+-------+-------+-------++-------
Melee: Club              |   102 |       |       ||   102
       Kick              |    23 |    47 |       ||    70
       Unarmed           |    43 |   200 |       ||   243
       Punch             |       |     2 |       ||     2
Throw: Dart              |    20 |     3 |       ||    23
       Throwing net      |       |     2 |       ||     2
  Use: Scroll            |     5 |     6 |       ||    11
 Stab: Sleeping          |     1 |       |       ||     1
Armor: Leather armour    |    32 |    41 |       ||    73
Dodge: Dodged            |    94 |    88 |       ||   182

Table legend: (Time is in decaauts)
 A = Elapsed time spent in this place.
 B = Non-inter-level travel time spent in this place.
 C = Inter-level travel time spent in this place.
 D = Time resting spent in this place.
 E = Time spent auto-exploring this place.
 F = Levels seen in this place.
 G = Mean time per level.
                   A        B        C        D        E       F      G
               +--------+--------+--------+--------+--------+-----+--------+
         Total |   6278 |   5803 |    475 |   2244 |    422 |   6 | 1046.3 |
       Dungeon |   6171 |   5715 |    456 |   2241 |    345 |   5 | 1234.2 |
        Temple |    106 |     87 |     19 |      3 |     77 |   1 |  106.0 |
               +--------+--------+--------+--------+--------+-----+--------+

Top non-repeatable levels by time:
     D:2: 1746 daAuts
     D:4: 1522 daAuts
     D:1: 1390 daAuts
     D:3: 1140 daAuts
     D:5: 371 daAuts
  Temple: 106 daAuts
